 Dungeon Crawl Stone Soup version 0.21-a0-84-g85d6d27 (webtiles) character file.

45425 roflturtle the Slicer (level 14, -4/108 HPs)
             Began as a Vampire Fighter on July 4, 2017.
             Was a High Priest of Okawaru.
             Killed from afar by a fire giant (27 damage)
             ... with a bolt of fire
             ... on level 13 of the Dungeon on July 5, 2017.
             The game lasted 03:07:52 (16576 turns).

roflturtle the Slicer (Vampire Fighter)            Turns: 16576, Time: 03:07:52

Health: -4/108     AC: 16    Str: 17    XL:     14   Next: 1%
Magic:  0/24       EV: 24    Int: 11    God:    Okawaru [*****.]
Gold:   1008       SH: 16    Dex: 18    Spells: 13/13 levels left

rFire    . . .     SeeInvis +   l - +7 quick blade
rCold    + . .     Gourm    .   c - +3 shield
rNeg     + + .     Faith    .   S - +4 moon troll leather armour {Spirit, Regen++ MP+5}
rPois    +         Spirit   +   (no helmet)
rElec    .         Reflect  .   b - +0 cloak
rCorr    .         Harm     .   (no gloves)
MR       +....                  (no boots)
Stlth    ++++......             r - amulet of regeneration
HPRegen  0.74/turn              j - +5 ring of protection
MPRegen  0.19/turn              H - +2 ring of dexterity

@: heroism, regenerating slowly
A: fangs 3, see invisible, unbreathing
a: Bat Form, Heroism, Finesse, Renounce Religion


You were on level 13 of the Dungeon.
You worshipped Okawaru.
Okawaru was extremely pleased with you.
You were very thirsty.

You visited 4 branches of the dungeon, and saw 20 of its levels.

You collected 1392 gold pieces.
You spent 384 gold pieces at shops.

Inventory:

Hand Weapons
 a - a +2 rapier of piercing
 d - a +0 dagger of venom
 l - a +7 quick blade (weapon)
 u - a +3 dagger of pain
 v - a +0 falchion of freezing
 y - a +1 antimagic spear
 M - a +0 short sword of venom
Missiles
 z - 8 poisoned needles
 B - 68 arrows
 U - 2 exploding tomahawks
 V - 16 tomahawks (quivered)
 X - 2 tomahawks of returning
Armour
 b - a +0 cloak (worn)
 c - a +3 shield (worn)
 A - a +1 shield of resistance
 D - the +1 robe "Usaetas" {rCorr}
   (Okawaru gifted it to you on level 12 of the Dungeon)

   It protects you from acid and corrosion.
 S - the +4 moon troll leather armour (worn) {Spirit, Regen++ MP+5}
   (You found it on level 11 of the Dungeon)

   It affects your magic capacity (+5).
   It increases your rate of regeneration.
Jewellery
 j - a +5 ring of protection (left hand)
 r - an amulet of regeneration (around neck)
 H - a +2 ring of dexterity (right hand)
 Y - an uncursed ring of protection from cold
Wands
 h - a wand of lightning (0/15)
 s - a wand of iceblast (4/15)
 w - a wand of clouds (1/9)
 x - a wand of disintegration (4/24)
 I - a wand of digging (7/24)
 L - a wand of scattershot (1/9)
 P - a wand of disintegration (11/24)
Scrolls
 g - 4 scrolls of fog
 i - a scroll of magic mapping {unknown}
 m - a scroll of silence
 n - 9 scrolls of remove curse
 o - a scroll of recharging
 p - a scroll of enchant weapon
 F - 5 scrolls of fear
 J - 12 scrolls of identify
 N - 5 scrolls of teleportation
Potions
 e - 44 potions of blood
 f - a potion of haste
 k - 5 potions of agility
 q - 6 potions of curing
 C - a potion of cancellation
 E - 2 potions of resistance
 G - a potion of might
 K - a potion of heal wounds
 O - 2 potions of invisibility
Miscellaneous
 t - a lamp of fire
 T - a lightning rod (2/4)


   Skills:
 - Level 9.3(14.3) Fighting
 - Level 13.0(18.0) Short Blades
 + Level 6.2(11.2) Throwing
 - Level 7.0(12.0) Armour
 - Level 11.1(16.1) Dodging
 - Level 8.0(13.0) Shields
 - Level 5.1 Invocations
 - Level 7.0 Evocations


You had 13 spell levels left.
You didn't know any spells.

Dungeon Overview and Level Annotations

Branches:
Dungeon (13/15)            Temple (1/1) D:5            Lair (5/6) D:10
  Swamp (0/4) Lair:2       Spider (0/4) Lair:4        Slime (0/5) Lair:5
    Orc (1/2) D:11
 Vaults: D:13-14

Altars:
Fedhas
Kikubaaqudgha
Okawaru
Ru
Sif Muna
Trog
Yredelemnul
Beogh

Shops:
D:5 !   D:7 !!   D:8 (**}*

Annotations:
D:3 Grinder
Lair:4 exclusion: 3 oklob plants
Orc:1 cerealjynx's ghost, journeyman MiBe


Innate Abilities, Weirdness & Mutations

You heal slowly.
You have razor-sharp teeth.
You have supernaturally acute eyesight. (SInv)
You can survive without breathing.


Message History

The fireball engulfs the fire giant.
The fire giant resists.
You hear a shout!
You hear an angry buzzing noise. x2
You hit the fire giant but do no damage.
Your bite misses the fire giant.
The fire giant is heavily wounded.
You hit the fire giant.
You bite the fire giant, but do no damage.
The fire giant is severely wounded.
Yummy - fresh blood!
You are feeling very thirsty.
The fire giant gestures at you while chanting.
The fireball explodes!
The fireball engulfs you!
* * * LOW HITPOINT WARNING * * *
The fireball engulfs the fire giant.
The fire giant resists.
You hear an angry buzzing noise.
You hit the fire giant.
The fire giant is severely wounded.
The fire giant points at you and mumbles some strange words.
The bolt of fire hits you!
You die...

#≈ycpCy≈##..P.#....#
#≈y.%≈≈##%.#.#.#..
#≈.y≈y##...#.#.#P
#y.9≈##...#.#.#.#
#≈.y##%..#..#.#.###
#..##...#.##P#.#..###
#..#[.##..##.#.#.#.#.
#c##....##....#....##
#.y#@†##..##..#..##..
#.yC##..##..##.##..##
#.y#..##..##)†#..##..
#.......##....#...###
#.P......#.#.#.#.##..
#.....#####.†#.### #
##..###.#####[#.#. #.
#####....##.#.#.#.#.
##......P..#..#P#.#.##


You could see a fire giant and 2 killer bees.

Vanquished Creatures
  Snorg (D:10)
  An ogre mage (Orc:1)
  10 hydras
  The ghost of THUG4L1F3 the Phalangite, a journeyman MfGl of Okawaru (Lair:1)
  2 centaur warriors (D:13)
  8 two-headed ogres
  A flayed ghost (D:13)
  A wizard (D:13)
  The ghost of sscrono2 the Slicer, a novice OpAs of Ashenzari (D:7)
  An oklob plant (Lair:4)
  3 ugly things
  Joseph (D:10)
  4 black mambas
  6 elephants (Lair:4)
  8 spiny frogs
  A centaur skeleton (D:9)
  4 komodo dragons
  2 trolls
  2 meliai (D:13)
  A hornet (D:13)
  6 slime creatures
  5 dream sheep
  9 blink frogs
  3 shadows
  Sigmund (D:5)
  5 hippogriffs
  A redback (Lair:4)
  10 yaks
  2 wraiths
  2 wyverns
  5 basilisks
  A hungry ghost (D:12)
  3 vampire mosquitoes
  Edmund (D:5)
  7 water moccasins
  10 porcupines
  Duvessa (D:7)
  6 orc warriors
  An ice beast (D:13)
  2 sky beasts
  An eye of draining (D:12)
  2 black bears
  11 ogres
  2 phantoms
  16 wolves (Lair:4)
  A centaur (D:8)
  11 crocodiles
  11 bullfrogs
  A gnoll sergeant (D:6)
  2 scorpions
  Dowan (D:7)
  32 killer bees
  An electric eel (Lair:1)
  3 howler monkeys (D:10)
  3 crimson imps
  2 bullfrog zombies
  5 jellies
  A quasit (D:8)
  A centaur zombie (D:5)
  4 hounds
  2 bullfrog skeletons
  6 orc priests
  9 orc wizards
  7 iguanas
  Ijyb (D:3)
  8 worker ants
  A hound skeleton (D:6)
  2 worker ant zombies
  7 gnolls
  8 adders
  6 shadow imps
  An adder zombie (D:7)
  5 adder skeletons
  3 worms
  5 leopard geckos
  48 orcs
  8 giant cockroaches
  7 goblins
  9 hobgoblins
  2 jackals (D:1)
  3 quokkas
  5 bats
  6 frilled lizards
  3 kobolds (D:2)
  2 leopard gecko skeletons (D:4)
  6 rats
  A plant (D:13)
422 creatures vanquished.

Vanquished Creatures (others)
  An orc (D:8)
  4 fungi
  23 plants
28 creatures vanquished.

Grand Total: 450 creatures vanquished

Notes
Turn   | Place    | Note
-------+----------+-------------------------------------------
     0 | D:1      | roflturtle the Vampire Fighter began the quest for the Orb.
     0 | D:1      | Reached XP level 1. HP: 17/17 MP: 1/1
   264 | D:1      | Reached XP level 2. HP: 24/24 MP: 2/2
   884 | D:2      | Found a faded altar of an unknown god.
  1118 | D:2      | Reached XP level 3. HP: 17/29 MP: 3/3
  1695 | D:2      | Reached skill level 3 in Short Blades
  1759 | D:2      | Reached XP level 4. HP: 32/35 MP: 4/4
  2130 | D:3      | Noticed Ijyb
  2157 | D:3      | Killed Ijyb
  2157 | D:3      | Reached skill level 1 in Dodging
  2262 | D:3      | Reached XP level 5. HP: 23/41 MP: 5/5
  2476 | D:3      | Noticed Grinder
  2517 | D:4      | Reached skill level 4 in Short Blades
  2831 | D:4      | Reached skill level 5 in Short Blades
  2880 | D:4      | Reached XP level 6. HP: 39/47 MP: 6/6
  3134 | D:4      | Found a blossoming altar of Fedhas.
  3174 | D:5      | Entered Level 5 of the Dungeon
  3174 | D:5      | Noticed Edmund
  3255 | D:5      | Noticed Sigmund
  3748 | D:6      | Reached XP level 7. HP: 31/52 MP: 7/7
  3875 | D:6      | Reached skill level 6 in Short Blades
  4317 | D:7      | Reached skill level 7 in Short Blades
  4334 | D:7      | Found Vemavuneick's Distillery.
  4338 | D:7      | Noticed Dowan
  4339 | D:7      | Noticed Duvessa
  4445 | D:7      | Killed Duvessa
  4446 | D:7      | Killed Dowan
  4463 | D:7      | Bought a potion of flight for 30 gold pieces
  4463 | D:7      | Bought a potion of brilliance for 40 gold pieces
  4497 | D:7      | Noticed sscrono2's ghost (novice OpAs)
  4562 | D:8      | Noticed a two-headed ogre
  4679 | D:8      | Found a basalt altar of Yredelemnul.
  4789 | D:9      | Reached XP level 8. HP: 37/58 MP: 8/8
  5474 | D:10     | Entered Level 10 of the Dungeon
  5565 | D:10     | Reached skill level 5 in Armour
  5616 | D:10     | Noticed Joseph
  5760 | D:10     | Reached XP level 9. HP: 58/63 MP: 9/9
  5819 | D:10     | Found a staircase to the Lair.
  5967 | D:11     | Found a staircase to the Orcish Mines.
  5985 | D:11     | Noticed a brown ugly thing
  6025 | D:12     | Noticed a troll
  6041 | D:12     | Killed a troll
  6096 | D:12     | Noticed a two-headed ogre
  6143 | D:10     | Noticed Snorg
  6429 | D:8      | Reached skill level 5 in Fighting
  6496 | D:8      | Killed a two-headed ogre
  6682 | D:8      | Found Varchuda's Antique Weapon Shop.
  6714 | D:8      | Reached skill level 1 in Evocations
  6714 | D:8      | Reached XP level 10. HP: 79/79 MP: 10/10
  6883 | D:8      | Found Tiahaont's Assorted Antiques.
  6885 | D:8      | Found Cituwadgh's Gadget Shop.
  6886 | D:8      | Found Pyapriotesk's General Store.
  6887 | D:8      | Found Togaempa's General Store.
  6891 | D:8      | Bought a scroll labeled RABLOI RAAMNALL for 27 gold pieces
  6891 | D:8      | Bought a scroll of identify for 54 gold pieces
  6891 | D:8      | Bought a scroll of identify for 54 gold pieces
  6899 | D:8      | Bought 3 tomahawks for 21 gold pieces
  6899 | D:8      | Bought a scroll of identify for 28 gold pieces
  6913 | D:8      | Bought a scroll of fog for 22 gold pieces
  7530 | D:10     | Killed Snorg
  7530 | D:10     | Reached skill level 5 in Evocations
  7547 | D:10     | Killed Joseph
  7840 | Lair:1   | Entered Level 1 of the Lair of Beasts
  7938 | Lair:1   | Reached skill level 5 in Dodging
  7963 | Lair:1   | Noticed a black mamba
  7994 | Lair:1   | Killed a black mamba
  7994 | Lair:1   | Reached skill level 8 in Short Blades
  8007 | Lair:1   | Noticed a five-headed hydra
  8008 | Lair:1   | Noticed a black mamba
  8010 | Lair:1   | Killed a black mamba
  8061 | Lair:1   | Reached skill level 9 in Short Blades
  8085 | Lair:1   | Noticed a spiny frog
  8114 | Lair:1   | Killed a spiny frog
  8292 | Lair:1   | Noticed THUG4L1F3's ghost (journeyman MfGl)
  8318 | Lair:1   | Reached XP level 11. HP: 84/84 MP: 14/14
  8650 | D:7      | Killed sscrono2's ghost
  8650 | D:7      | Reached skill level 10 in Short Blades
  8663 | D:7      | Found Gaump's Distillery.
  9035 | D:5      | Found a staircase to the Ecumenical Temple.
  9053 | D:5      | Killed Sigmund
  9296 | D:5      | Killed Edmund
  9359 | D:5      | Reached skill level 11 in Short Blades
  9674 | D:5      | Found Noguqiwn's Distillery.
  9678 | D:5      | Bought a potion of might for 48 gold pieces
  9678 | D:5      | Bought a potion of heal wounds for 60 gold pieces
  9745 | Temple   | Entered the Ecumenical Temple
  9755 | Temple   | Became a worshipper of Warmaster Okawaru
  9892 | Lair:1   | Killed THUG4L1F3's ghost
  9942 | Lair:1   | Reached * piety under Okawaru
  9997 | Lair:1   | Killed a five-headed hydra
 10289 | Lair:1   | Reached skill level 5 in Invocations
 10429 | Lair:2   | Found a staircase to the Swamp.
 10560 | Lair:2   | Reached ** piety under Okawaru
 10759 | Lair:2   | Noticed a six-headed hydra
 10791 | Lair:2   | Killed a six-headed hydra
 10878 | Lair:2   | Noticed a four-headed hydra
 10897 | Lair:2   | Killed a four-headed hydra
 10979 | Lair:2   | Noticed an eight-headed hydra
 11001 | Lair:2   | Killed an eight-headed hydra
 11001 | Lair:2   | Reached *** piety under Okawaru
 11001 | Lair:2   | Reached XP level 12. HP: 56/91 MP: 10/15
 11082 | Lair:3   | Noticed a seven-headed hydra
 11103 | Lair:3   | Noticed an eight-headed hydra
 11118 | Lair:3   | Killed an eight-headed hydra
 11343 | Lair:3   | Killed a seven-headed hydra
 11727 | Lair:3   | Noticed a six-headed hydra
 11741 | Lair:3   | Killed a six-headed hydra
 11741 | Lair:3   | Reached **** piety under Okawaru
 12218 | Lair:4   | Reached skill level 5 in Throwing
 12259 | Lair:4   | Found a hole to the Spider Nest.
 12492 | Lair:4   | Reached ***** piety under Okawaru
 12573 | Lair:4   | Reached skill level 12 in Short Blades
 12695 | Lair:4   | Received a gift from Okawaru
 13007 | Lair:4   | Noticed a four-headed hydra
 13027 | Lair:4   | Killed a four-headed hydra
 13242 | Lair:4   | Reached XP level 13. HP: 63/96 MP: 11/18
 13426 | Lair:5   | Found a staircase to the Slime Pits.
 13547 | Lair:5   | Reached skill level 13 in Short Blades
 14430 | D:11     | Received a gift from Okawaru
 14612 | D:11     | Found a roughly hewn altar of Beogh.
 14786 | Orc:1    | Entered Level 1 of the Orcish Mines
 14959 | Orc:1    | Reached skill level 10 in Dodging
 15052 | Orc:1    | Noticed cerealjynx's ghost (journeyman MiBe)
 15420 | D:12     | Received a gift from Okawaru
 15469 | D:12     | Got an ancient robe {god gift}
 15521 | D:12     | Identified the +1 robe "Usaetas" {rCorr} (Okawaru gifted it to you on level 12 of the Dungeon)
 16503 | D:13     | Noticed a fire giant
 16540 | D:13     | Reached XP level 14. HP: 94/108 MP: 19/19
 16576 | D:13     | Killed from afar by a fire giant

Vault maps used:
D:1:      moated_graveyard_arrival
D:2:      chequers_ecumenical_altar_island, first_bread, minmay_pentomino_p4
D:3:      lemuel_blue_sif_altar, uniq_grinder, uniq_ijyb
D:4:      nicolae_overflow_hidden_temple, sigmund_army
D:5:      minmay_temple_entry_glassed_door, serial_shops, nicolae_shop_trees,
          uniq_edmund, uniq_sigmund
D:7:      serial_shops, shop_statue, shop, grunt_ogre_cave, uniq_duvessa
D:8:      basic_altar, serial_shops, shop, special_room, minmay_shop_grid_forest
D:10:     grunt_lair_entry_orc_guard_hut, uniq_snorg, uniq_joseph
D:11:     minmay_orc_entry_temple_small
D:12:     minmay_misc_feat_four_crosses
D:13:     regret_index_wax_grids, ashenzari_altar_1
Temple:   compressed_dpeg_circular_temple
Lair:1:   serial_bayou_pond_b
Lair:2:   beast_lair_carwin_large_2, minmay_swamp_entry_eels,
          infiniplex_staircase_pool_2
Lair:4:   spider_nest_entry_webs, minmay_lair_oklob_chamber
Lair:5:   slime_dummy

Skill      XL: |  1  2  3  4  5  6  7  8  9 10 11 12 13 |
---------------+----------------------------------------+-----
Fighting       | 3 7 9 |  9.3
Shields        | 3 4 6 7 8 |  8.0
Armour         | 3 4 6 7 |  7.0
Short Blades   | 3 5 7 9 11 12 13 | 13.0
Dodging        | 3 4 6 8 9 11 | 11.1
Evocations     | 1 5 7 |  7.0
Invocations    | 5 |  5.1
Throwing       | 5 6 |  6.2

Action                   |  1- 3 |  4- 6 |  7- 9 | 10-12 | 13-15 || total
-------------------------+-------+-------+-------+-------+-------++-------
Melee: Rapier            |   123 |    77 |       |   814 |   171 ||  1185
       Bite              |    11 |    39 |    96 |   232 |   129 ||   507
       Dagger            |       |   210 |   588 |   560 |       ||  1358
       Unarmed           |       |       |     2 |       |       ||     2
       Quick blade       |       |       |       |       |   683 ||   683
Throw: Tomahawk          |       |       |       |    15 |    17 ||    32
       Throwing net      |       |       |       |       |     1 ||     1
Invok: Heroism           |       |       |       |     7 |     6 ||    13
 Abil: End Transformatio |       |     4 |     6 |     2 |       ||    12
       Bat Form          |       |     4 |     6 |     2 |       ||    12
Evoke: Wand              |       |       |     2 |    14 |     1 ||    17
       Lightning rod     |       |       |       |     4 |     2 ||     6
  Use: Potion            |     1 |     4 |     9 |    14 |     6 ||    34
       Scroll            |       |    14 |     5 |    13 |     1 ||    33
 Stab: Sleeping          |       |     3 |       |     2 |     2 ||     7
       Distracted        |       |       |     1 |     2 |     1 ||     4
       Invisible         |       |       |       |     8 |       ||     8
Armor: Scale mail        |    52 |     3 |       |       |       ||    55
       Ring mail         |       |    50 |       |       |       ||    50
       Plate armour      |       |    11 |   107 |       |       ||   118
       Leather armour    |       |       |    10 |       |       ||    10
       Troll leather arm |       |       |    20 |   221 |    69 ||   310
Dodge: Dodged            |    16 |    71 |   100 |   440 |   238 ||   865
Block: Shield            |    37 |   127 |   247 |   644 |   293 ||  1348
